 Dungeon Crawl Stone Soup version 0.30.1-3-gfc49f6343a (webtiles) character file.

Game seed: 7108264716773440142

382 croobank the Ducker (level 6, -11/44 HPs)
             Began as an Octopode Monk on July 19, 2023.
             Was a Follower of Uskayaw.
             Killed by divine providence
             ... invoked by an orc priest
              (13 damage)
             ... on level 4 of the Dungeon on July 20, 2023.
             The game lasted 00:07:04 (3646 turns).

croobank the Ducker (Octopode Monk)                 Turns: 3646, Time: 00:07:05

Health: -11/44     AC:  1    Str: 10    XL:     6   Next: 76%
Magic:  8/8        EV: 15    Int: 14    God:    Uskayaw [*.....]
Gold:   153        SH:  0    Dex: 15    Spells: 5/5 levels left

rFire   . . .        a - +2 short sword (speed)
rCold   . . .        (no shield)
rNeg    . . .        (helmet restricted)
rPois   .            (no amulet)
rElec   .            (no ring)
rCorr   .            (no ring)
SInv    .            (no ring)
Will    .....        (no ring)
Stlth   ++           (no ring)
HPRegen 0.27/turn    (no ring)
MPRegen 0.11/turn    (no ring)
                     (no ring)

%: no passive effects
@: no status effects
A: almost no armour, amphibious, 8 rings, camouflage 1, gelatinous body 1,
(nimble swimmer 1), tentacles
a: Renounce Religion, Stomp


You were on level 4 of the Dungeon.
You worshipped Uskayaw.
Uskayaw was noncommittal.
You visited 1 branch of the dungeon, and saw 4 of its levels.

You collected 153 gold pieces.

Inventory:

Hand Weapons
 a - a +2 short sword of speed (weapon)
Missiles
 d - 9 boomerangs (quivered)
Armour
 c - an orb of light
Jewellery
 q - a ring of fire
Wands
 u - a wand of flame (10)
Scrolls
 h - 2 scrolls of blinking {unknown}
 l - a scroll of teleportation {unknown}
 m - a scroll of fear {unknown}
 p - 3 scrolls of identify {unknown}
 s - a scroll of fog {unknown}
 v - a scroll of torment {unknown}
Potions
 b - a potion of ambrosia
 e - 2 potions of invisibility {unknown}
 f - a potion of resistance {unknown}
 g - 2 potions of attraction {unknown}
 i - 2 potions of magic {unknown}
 j - a potion of degeneration {unknown}
 k - a potion of curing {unknown}
 n - a potion of berserk rage {unknown}
 o - a potion of heal wounds {unknown}
 r - a potion of flight {unknown}
 t - a potion of lignification {unknown}


   Skills:
 + Level 4.5 Fighting
 + Level 4.5 Short Blades
 + Level 4.5 Dodging
 + Level 2.8 Invocations


You had 5 spell levels left.
You didn't know any spells.
Your spell library contained the following spells:

 Spells                   Type           Power      Damage    Failure   Level
 Magic Dart               Conj           0%         1d3       28%         1
 Blink                    Tloc           0%         N/A       41%         2
 Call Imp                 Summ           0%         N/A       41%         2
 Lesser Beckoning         Tloc           0%         N/A       41%         2
 Momentum Strike          Conj/Tloc      0%         3d8       41%         2
 Mephitic Cloud           Conj/Pois/Air  0%         N/A       65%         3


Dungeon Overview and Level Annotations

Branches:
Dungeon (4/15)
 Temple: D:4-7

Altars:
Ashenzari
Cheibriados
Gozag
Hepliaklqana
Okawaru
Qazlal
Ru
Sif Muna
Trog
Uskayaw
Xom
Yredelemnul

Shops:
D:2 (   D:3 *


Innate Abilities, Weirdness & Mutations

You cannot wear most types of armour.
You are amphibious.
You can wear up to eight rings at the same time.
Your skin changes colour to match your surroundings (Stealth+).
Your rubbery body absorbs attacks. (AC +1, EV +1)
((You are camouflaged when in or above water. (Stealth+)))
You have tentacles for arms and can constrict up to eight enemies at once.


Message History

You puncture the orc!
You kill the orc!
The orc priest shouts! x2
The orc priest calls down the wrath of Beogh upon you.
Pain shoots through your body!
The orc priest shouts!
You hit the orc priest. Your grab misses the orc priest.
The orc priest is moderately wounded.
The orc priest mumbles some strange prayers to Beogh against you.
Pain shoots through your body! The orc priest completely misses you.
You barely miss the orc priest. Your grab misses the orc priest.
Your squeeze misses the orc priest.
The orc priest is moderately wounded.
You stomp with the beat, sending a shockwave through the revellers around you!
The orc priest is severely wounded.
You can no longer stomp with the beat.
The orc priest invokes the aid of Beogh against you.
Beogh smites you!
You can now stomp with the beat.
Okay, then.
You are confused.
You feel invigorated.
The orc priest mumbles some strange prayers to Beogh against you.
Beogh smites you!
* * * LOW HITPOINT WARNING * * *
The orc priest misses you.
The orc priest hits you with a +0 hand axe!
* * * LOW HITPOINT WARNING * * *
Things that are here:
a +0 club; a +0 leather armour; an orc corpse
Okay, then.
You bump into the rock wall.
You feel less invigorated.
You feel less confused.
The orc priest begins to cast a cantrip, but forgets the words!
The orc priest mumbles some strange prayers to Beogh against you.
Beogh smites you!
* * * LOW HITPOINT WARNING * * *
The orc priest invokes the aid of Beogh against you.
Beogh smites you!
You die...

# ..##.#
####.#
#.###
#...#
#####.#
#>....#
##.###.#
###...##.#
.......o@#
###...#oo#
##. #..# #
...# ##.##
#.# #.#
..#


You could see 3 orc priests.

Vanquished Creatures
  Sigmund (D:3)
  Blork the orc (D:4)
  2 sleepcaps
  5 adders
  A worm (D:1)
  2 orcs (D:4)
  A ball python (D:1)
  7 bats
  2 endoplasms (D:1)
  3 giant cockroaches
  3 goblins
  3 hobgoblins
  8 jackals
  2 quokkas (D:2)
  2 frilled lizards (D:1)
  7 kobolds
  3 rats
53 creatures vanquished.

Notes
Turn   | Place    | Note
-------+----------+-------------------------------------------
     0 | D:1      | croobank the Octopode Monk began the quest for the Orb.
     0 | D:1      | Reached XP level 1. HP: 16/16 MP: 1/1
   270 | D:1      | Reached XP level 2. HP: 21/21 MP: 2/2
   607 | D:1      | Reached XP level 3. HP: 25/26 MP: 3/3
  1149 | D:2      | Found Amyi's Antique Weapon Emporium.
  1866 | D:3      | Found Xestyox's Assorted Antiques.
  1906 | D:3      | Found a faded altar of an unknown god.
  1914 | D:3      | Prayed at the altar of an unknown god.
  1914 | D:3      | Became a worshipper of Uskayaw the Reveller
  1914 | D:3      | Reached * piety under Uskayaw
  1914 | D:3      | Reached ** piety under Uskayaw
  1940 | D:3      | Reached XP level 4. HP: 26/33 MP: 4/4
  1989 | D:3      | Found an iron altar of Okawaru.
  1993 | D:3      | Found a hazy altar of Hepliaklqana.
  1998 | D:3      | Found a broken altar of Ashenzari.
  2321 | D:3      | Identified the +0 chain mail of Serendipity {Dex+3}
  2358 | D:3      | Reached skill level 1 in Invocations
  2486 | D:3      | Identified the +3 robe "Daopeduh" {rElec Will+ SInv}
  2865 | D:3      | Reached XP level 5. HP: 32/37 MP: 5/5
  2867 | D:3      | Noticed a kobold brigand
  3168 | D:3      | Noticed Sigmund
  3177 | D:3      | Reached *** piety under Uskayaw
  3178 | D:3      | Killed Sigmund
  3179 | D:3      | Reached XP level 6. HP: 44/44 MP: 5/7
  3353 | D:4      | Found a bloodstained altar of Trog.
  3353 | D:4      | Found a snail-covered altar of Cheibriados.
  3569 | D:4      | Found a shimmering blue altar of Sif Muna.
  3569 | D:4      | Found a sacrificial altar of Ru.
  3569 | D:4      | Noticed Blork the orc
  3578 | D:4      | Killed Blork the orc
  3589 | D:4      | Found a shimmering altar of Xom.
  3593 | D:4      | Found a hide-covered altar of Uskayaw.
  3595 | D:4      | Found an opulent altar of Gozag.
  3604 | D:4      | Found a basalt altar of Yredelemnul.
  3607 | D:4      | Found a stormy altar of Qazlal.
  3646 | D:4      | HP: 2/44 [orc priest/divine providence (11)]
  3646 | D:4      | Killed from afar by an orc priest

Illustrated notes

Levels and vault maps discovered:
D:1:      dpeg_arrival_brainrot, layout_basic
D:2:      layout_loops_cross, serial_shops, shop,
          chequers_serial_rivers_micro_a, grunt_decor_mini_mirrors,
          minmay_heptomino_h4
D:3:      layout_basic, grunt_temple_overflow_diamond,
          ebering_ecumenical_altar_webs, serial_shops, nicolae_shop_stone,
          lightli_corner_chamber, uniq_sigmund
D:4:      layout_loops_corners, nicolae_overflow_hallway_of_the_gods,
          nicolae_overflow_two_pavilions, st_stairs_13,
          kennysheep_generic_room_10, uniq_robin, uniq_blork_the_orc

Skill      XL: |  1  2  3  4  5 |
---------------+----------------+-----
Invocations    | 1 2 |  2.8
Fighting       | 4 |  4.5
Short Blades   | 4 |  4.5
Dodging        | 4 |  4.5

Action                     |  1- 3 |  4- 6 || total
---------------------------+-------+-------++-------
  Melee: Short sword       |    73 |    65 ||   138
         Constrict         |    18 |    14 ||    32
         Tentacles         |    13 |    16 ||    29
 Invoke: Stomp             |       |     2 ||     2
  Evoke: Wand              |       |     4 ||     4
    Use: Potion            |       |     1 ||     1
   Stab: Sleeping          |     4 |     3 ||     7
         Paralysed         |       |     1 ||     1
 Armour: Skin              |     6 |     2 ||     8
  Dodge: Dodged            |    32 |    21 ||    53
